[Event "Late-Titled-Tuesday-Blitz-April-30-2024"]
[Site "Chess.com"]
[Date "2024.04.30"]
[Round "4"]
[White "Rodalquilar"]
[Black "ural58"]
[Result "0-1"]
[WhiteElo "2696"]
[BlackElo "2551"]
[TimeControl "180+1"]
[EndTime "14:40:29 PDT"]
[Termination "ural58 won on time"]

1. d4 e6 2. Nf3 f5 3. c4 Nf6 4. Nc3 c6 5. Bf4 d5 6. e3 Nbd7 7. Qc2 Ne4 8. Bd3 Be7 9. h3 O-O 10. g4 Ndf6 11. gxf5 exf5 12. cxd5 Nxc3 13. bxc3 Nxd5 14. Be5 Bd6 15. h4 Bxe5 16. Nxe5 Be6 17. Rb1 Qc7 18. Rg1 Rae8 19. h5 Rf6 20. Qb2 b6 21. a4 Rh6 22. Bxf5 Bxf5 23. Rc1 Rxh5 24.
Qe2 Rh4 25. Kd2 Rxe5 26. dxe5 Qxe5 27. f4 Qe4 28. c4 Nf6 29. Rcd1 Qe7 30. Ke1 Bg4 31.
Qf2 Rh3 32. Rd3 Qb4+ 33. Qd2 Qb1+ 34. Kf2 Ne4+ 0-1

[Event "Late-Titled-Tuesday-Blitz-April-30-2024"]
[Site "Chess.com"]
[Date "2024.04.30"]
[Round "4"]
[White "Heliosis11"]
[Black "annasargsyan_m"]
[Result "1-0"]
[WhiteElo "2402"]
[BlackElo "2588"]
[TimeControl "180+1"]
[EndTime "14:40:30 PDT"]
[Termination "Heliosis11 won by resignation"]

1. e4 c6 2. d4 d5 3. e5 Bf5 4.
h4 h5 5. Bd3 Bxd3 6. Qxd3 e6 7.
Bg5 Qb6 8. Nd2 Qa6 9. c4 Ne7 10. Ngf3 Nf5 11. b3 Nd7 12. O-O Be7 13. Bxe7 Nxe7 14.
Ng5 Nf5 15. g3 c5 16. dxc5 Nxc5 17. Qc3 dxc4 18. Nxc4 O-O 19. Qf3 g6 20. Rfd1 Rad8 21. Rxd8 Rxd8 22. Rd1 Rf8 23. Nd6 Qxa2 24. Nxf5 exf5 25.
b4 Ne6 26. Qxb7 f4 27. Nxe6 fxg3 28. fxg3 Qxe6 29. Qd5 Qg4 30. Kg2 Qxb4 31. Rf1 Qe7 32. Rf6 Kg7 33. Ra6 Rd8 34. Rd6 Rb8 35. Rd7 Rb2+ 36. Kh3 Qf8 37. e6 Kg8 38. Rxf7 1-0

[Event "Late-Titled-Tuesday-Blitz-April-30-2024"]
[Site "Chess.com"]
[Date "2024.04.30"]
[Round "4"]
[White "GM_dmitrij"]
[Black "Mischuk_D"]
[Result "1-0"]
[WhiteElo "2980"]
[BlackElo "2802"]
[TimeControl "180+1"]
[EndTime "14:40:32 PDT"]
[Termination "GM_dmitrij won by resignation"]

1. e4 e6 2. d4 d5 3. Nc3 Bb4 4. Ne2 dxe4 5. a3 Bxc3+ 6. Nxc3 Nc6 7. Bb5 Ne7 8. Bf4 O-O 9. Bxc6 Nxc6 10. d5 e5 11. Bg3 Ne7 12. Bxe5 Ng6 13. Qd4 Nxe5 14. Qxe5 Re8 15. Qf4 f5 16. O-O-O Bd7 17. h4 Rc8 18. f3 Qf6 19. Rhe1 exf3 20. gxf3 Qd6 21. Qd4 a6 22. f4 Qh6 23. Rg1 Re7 24. Kb1 Rce8 25. h5 b6 26. Qc4 Qd6 27. h6 Qxh6 28. d6+ Be6 29. Nd5 Rd7 30.
dxc7 Rc8 31. Qc6 Kh8 32. Nxb6 Rxd1+ 33. Rxd1 Ba2+ 34. Kxa2 Qxc6 35. Rd8+ Qe8 36. Nxc8 Qg8+ 37. Rxg8+ Kxg8 38. Nd6 1-0

[Event "Late-Titled-Tuesday-Blitz-April-30-2024"]
[Site "Chess.com"]
[Date "2024.04.30"]
[Round "4"]
[White "Romkachess"]
[Black "Langua_Chess"]
[Result "1-0"]
[WhiteElo "2641"]
[BlackElo "2414"]
[TimeControl "180+1"]
[EndTime "14:40:32 PDT"]
[Termination "Romkachess won on time"]

1. e4 c5 2. Nf3 Nc6 3. Bb5 e6 4. Bxc6 bxc6 5. O-O f6 6. b3 e5 7. Bb2 d5 8. d3 Bg4 9. h3 Bh5 10. c4 Ne7 11. Nbd2 a5 12. Ba3 Nc8 13. Re1 d4 14.
Nf1 Nb6 15. Ng3 Bf7 16. Nh4 g6 17. Bc1 Bg7 18. f4 exf4 19. Bxf4 g5 20. Nhf5 gxf4 21. Nxg7+ Kf8 22. N3f5 Rg8 23. Nh5 Nd7 24. Nxf4 Ne5 25. Rf1 Rg5 26. Qe1 a4 27. Qh4 h5 28. bxa4 Rb8 29. Nh6 Rb2 30. Qxg5 fxg5 31. Ne6+ Ke7 32.
Nxd8 Bg6 33. Rfb1 Rxb1+ 34. Rxb1 Kxd8 35. a5 Kc7 36. a6 Nxd3 37. a7 1-0

[Event "Late-Titled-Tuesday-Blitz-April-30-2024"]
[Site "Chess.com"]
[Date "2024.04.30"]
[Round "4"]
[White "GianmarcoVaR"]
[Black "CM_rui"]
[Result "1-0"]
[WhiteElo "2732"]
[BlackElo "2546"]
[TimeControl "180+1"]
[EndTime "14:40:33 PDT"]
[Termination "GianmarcoVaR won by checkmate"]

1. e4 e5 2. Nf3 Nc6 3. Bc4 Bc5 4. d3 Nf6 5. O-O O-O 6. h3 d6 7. c3 a6 8. Bb3 h6 9. Re1 Re8 10. Nbd2 Ba7 11. Nf1 Be6 12. Bc2 d5 13. exd5 Bxd5 14.
Ng3 Qd7 15. Nh4 Rad8 16. Nhf5 Ne7 17. Nxg7 Kxg7 18. Bxh6+ Kxh6 19. Qd2+ Kh7 20. Qg5 Qc6 21. Rxe5 Ng6 22. Nf5 Bxf2+ 23. Kh2 Bg3+ 24. Kxg3 Ne4+ 25. dxe4 Kg8 26. Qh6 Qf6 27. Rxe8+ Rxe8 28. exd5 c6 29. dxc6 Qe5+ 30. Kf2 Qc5+ 31. Kf1 Qc4+ 32. Kg1 Qc5+ 33. Kh1 Qe5 34. cxb7 Rb8 35. Be4 a5 36. Rd1 a4 37. Rd5 Qf6 38. Rd6 Qe5 39. Rxg6+ fxg6 40. Bd5+ Qe6 41. Bxe6# 1-0

[Event "Late-Titled-Tuesday-Blitz-April-30-2024"]
[Site "Chess.com"]
[Date "2024.04.30"]
[Round "4"]
[White "mr_gustavo"]
[Black "SCIM"]
[Result "0-1"]
[WhiteElo "2699"]
[BlackElo "2555"]
[TimeControl "180+1"]
[EndTime "14:40:34 PDT"]
[Termination "SCIM won on time"]

1. b3 e6 2. Bb2 Nf6 3. g3 Be7 4. Bg2 O-O 5. e3 d5 6. Ne2 b6 7. d3 Bb7 8. Nd2 Nbd7 9. h3 c5 10. a3 Qc7 11. O-O Rad8 12. f4 Rfe8 13. Nf3 Bd6 14.
g4 e5 15. f5 e4 16. Nh4 exd3 17.
Qxd3 Ne4 18. Rad1 Bh2+ 19. Kh1 Bg3 20. Nf3 Nf2+ 21. Rxf2 Bxf2 22. Bc1 Nf6 23. Nf4 Ne4 24. h4 Bg3 25. Rf1 Bxf4 26. exf4 Ng3+ 27. Kh2 Nxf1+ 28. Bxf1 d4 29. Ne5 Rxe5 30. fxe5 Qxe5+ 31. Kg1 Re8 32. Bd2 Qd5 33. Kf2 Qh1 34. Bf4 Qxh4+ 35. Qg3 Qe7 36. Kg1 Qe4 0-1

[Event "Late-Titled-Tuesday-Blitz-April-30-2024"]
[Site "Chess.com"]
[Date "2024.04.30"]
[Round "4"]
[White "nekotyanof"]
[Black "imdvb6307"]
[Result "0-1"]
[WhiteElo "2695"]
[BlackElo "2550"]
[TimeControl "180+1"]
[EndTime "14:40:34 PDT"]
[Termination "imdvb6307 won by resignation"]

1. e4 Nc6 2. Nf3 d6 3. d4 Nf6 4.
Nc3 Bg4 5. d5 Ne5 6. Bb5+ Ned7 7. h3 Bxf3 8. Qxf3 g6 9. O-O Bg7 10.
Be3 O-O 11. Rad1 a6 12. Be2 b5 13. a3 Ne5 14. Qg3 Nc4 15. Bc1 Qb8 16. b3 Nxa3 17. Bxa3 b4 18. e5 Nd7 19. e6 Nc5 20. exf7+ Rxf7 21.
Na4 bxa3 22. Nxc5 dxc5 23. Bg4 Kh8 24. Be6 Rf8 25. c4 a2 26. Ra1 Bxa1 27. Rxa1 Qd8 28.
Rxa2 Qd6 29. Qc3+ Rf6 30. Re2 Kg7 31. Re3 Kf8 32. Rf3 Kg7 33. g4 g5 34. Rf5 Kg6 35. Qd3 Kh6 36. h4 Rxe6 37. Rxg5 Re1+ 38. Kg2 Qf6 39. h5 Qxg5 0-1

[Event "Late-Titled-Tuesday-Blitz-April-30-2024"]
[Site "Chess.com"]
[Date "2024.04.30"]
[Round "4"]
[White "Agustin_Meza"]
[Black "MarkoPe"]
[Result "1/2-1/2"]
[WhiteElo "2143"]
[BlackElo "2442"]
[TimeControl "180+1"]
[EndTime "14:40:34 PDT"]
[Termination "Game drawn by repetition"]

1. e4 c6 2. d4 d6 3. c4 Nd7 4. Nf3 Ngf6 5. Nc3 g6 6. Bg5 Bg7 7. Qd2 O-O 8. Bh6 Qa5 9. Bxg7 Kxg7 10. Be2 e5 11. O-O Re8 12. dxe5 dxe5 13. a3 Nf8 14. b4 Qc7 15. Qb2 Bg4 16. h3 Bxf3 17. Bxf3 Ne6 18.
Ne2 Rad8 19. Rad1 Ng5 20. Ng3 Nxf3+ 21. gxf3 h5 22. c5 Qe7 23. Qb3 h4 24. Ne2 Nh5 25. Rxd8 Rxd8 26. Rd1 Qg5+ 27. Kh1 Rd2 28. Rxd2 Qxd2 29.
Qe3 Qd1+ 30. Kg2 a5 31. bxa5 Qa4 32. Qc3 Qb5 33. Qxe5+ Kg8 34. Nf4 Nxf4+ 35. Qxf4 Qxa5 36. Qb8+ Kg7 37. Qe5+ Kg8 38. Qb8+ Kg7 39. Qe5+ Kg8 40. Qb8+ 1/2-1/2

[Event "Late-Titled-Tuesday-Blitz-April-30-2024"]
[Site "Chess.com"]
[Date "2024.04.30"]
[Round "4"]
[White "norwaytoadog"]
[Black "TheMagician"]
[Result "0-1"]
[WhiteElo "2329"]
[BlackElo "2129"]
[TimeControl "180+1"]
[EndTime "14:40:34 PDT"]
[Termination "TheMagician won on time"]

1. e4 e5 2. Nf3 Nc6 3. Bb5 Nge7 4.
Nc3 g6 5. h4 h6 6. h5 g5 7. d4 exd4 8. Nxd4 Bg7 9. Be3 d6 10.
Qd2 Bd7 11. O-O-O O-O 12. f4 gxf4 13. Nxc6 fxe3 14. Nxe7+ Qxe7 15. Qxe3 Bxc3 16. Bxd7 Bf6 17. Qg3+ Bg5+ 18. Kb1 Qxd7 19. e5 d5 20. c4 c6 21.
cxd5 cxd5 22. Qf3 d4 23. Qe4 Rad8 24. Rd3 Qe6 25. Rf1 f5 26. Qxb7 Rf7 27. Qb5 Be3 28. Rfd1 Rc8 29. g3 Rfc7 30. b3 Rc5 31. Qb7 Qc6 32. Qe7 Rc1+ 33. Kb2 Rc2+ 34. Kb1 Rg2 35. Rc3 dxc3 0-1

[Event "Late-Titled-Tuesday-Blitz-April-30-2024"]
[Site "Chess.com"]
[Date "2024.04.30"]
[Round "4"]
[White "falzehope0"]
[Black "Crazy_girl99"]
[Result "0-1"]
[WhiteElo "2422"]
[BlackElo "2665"]
[TimeControl "180+1"]
[EndTime "14:40:36 PDT"]
[Termination "Crazy_girl99 won by resignation"]

1. d4 Nf6 2. e3 e6 3. Bd3 b6 4. f4 Bb7 5. Nf3 c5 6. O-O Nc6 7. c3 Be7 8. Nbd2 O-O 9. a3 Rc8 10. e4 cxd4 11. cxd4 d6 12. e5 dxe5 13. fxe5 Ng4 14.
Nb3 a5 15. Bb5 Qd5 16. a4 Nb4 17. h3 Nc2 18. hxg4 Qxb3 19. Rb1 Bd5 20. Bf4 Rfd8 21.
Ng5 Rf8 22. Bd3 h6 23. Nh7 Rfd8 24. Bxh6 gxh6 25. Qd2 Qb4 26. Qxh6 Qxd4+ 27. Kh1 Qxd3 28. Nf6+ Bxf6 29. Rxf6 Qh7 30. Rbf1 Qxh6+ 31. Rxh6 Ne3 32. Rff6 Rc1+ 33. Kh2 Nxg4+ 34. Kg3 Nxh6 35. Rxh6 Be4 36. Kf4 Bxg2 37. Rh4 Rd4+ 38. Kg3 Rxh4 39. Kxh4 Rb1 40. Kg5 Bd5 41. Kf6 Rxb2 42. Ke7 Rb4 43. Kd6 Rxa4 44. Ke7 Rc4 45. Kf6 a4 46. Ke7 a3 47. Kd6 a2 48. Ke7 a1=Q 49. Kf6 Qa7 50. Kg5 Qe7+ 0-1

[Event "Late-Titled-Tuesday-Blitz-April-30-2024"]
[Site "Chess.com"]
[Date "2024.04.30"]
[Round "4"]
[White "Chessmatus"]
[Black "AlainBruxelles"]
[Result "1-0"]
[WhiteElo "2566"]
[BlackElo "2237"]
[TimeControl "180+1"]
[EndTime "14:40:37 PDT"]
[Termination "Chessmatus won by resignation"]

1. e4 c5 2. Nf3 d6 3. d4 cxd4 4.
Nxd4 Nf6 5. Nc3 Bd7 6. g3 Nc6 7. Bg2 g6 8. O-O Bg7 9. Be3 Ng4 10.
Nxc6 bxc6 11. Bd2 O-O 12. h3 Nf6 13. Bg5 Rb8 14. Rb1 Qb6 15. Qd2 Be6 16. Bh6 Rfd8 17. Bxg7 Kxg7 18. b3 d5 19. e5 Nd7 20. Na4 Qc7 21. f4 f5 22. exf6+ exf6 23. Rbe1 Re8 24. g4 Bf7 25. Qc3 Kg8 26. Qd4 Rxe1 27. Rxe1 Re8 28. Rxe8+ Bxe8 29. c4 Bf7 30. cxd5 Qd6 31. Nc3 cxd5 32.
Nxd5 Kg7 33. g5 Bxd5 34. Qxd5 Qxd5 35. Bxd5 fxg5 36. fxg5 h6 37. h4 hxg5 38. hxg5 Kf8 39. Kf2 Ke7 40. Ke3 Kd6 41. Bf7 Ne5 42. Be8 Ke7 43. Bb5 Ke6 44. Kf4 a5 45. a3 Kd6 46.
b4 axb4 47. axb4 Nf7 48. Bd3 Nh8 49. b5 Kc5 50. Ke5 Nf7+ 51. Kf6 Nd6 52. Kxg6 Nxb5 53.
Bxb5 Kxb5 54. Kh7 1-0

[Event "Late-Titled-Tuesday-Blitz-April-30-2024"]
[Site "Chess.com"]
[Date "2024.04.30"]
[Round "4"]
[White "tptagain"]
[Black "Byniolus"]
[Result "0-1"]
[WhiteElo "2952"]
[BlackElo "2845"]
[TimeControl "180+1"]
[EndTime "14:40:39 PDT"]
[Termination "Byniolus won by checkmate"]

1. d4 d6 2. Nf3 Bg4 3. e4 Nf6 4. h3 Bh5 5. Nc3 e6 6. Bd3 Be7 7. Qe2 d5 8. e5 Nfd7 9. g4 Bg6 10. Bxg6 hxg6 11. Bf4 c5 12. dxc5 Nc6 13. O-O-O Nxc5 14. Kb1 Qa5 15. Bd2 Qa6 16. Nb5 O-O-O 17. Bg5 Ne4 18. Bxe7 Nxe7 19. c4 Kb8 20. Nfd4 Qb6 21. f3 Ng3 22. Qc2 Nxh1 23. c5 Qa5 24. Rxh1 Qb4 25. a3 Qc4 26. Qxc4 dxc4 27. Nd6 Rdf8 28. Kc2 Nc6 29.
Nxc6+ bxc6 30. Ne4 f6 31. exf6 gxf6 32. Kc3 e5 33. Kxc4 f5 34. Ng5 fxg4 35. fxg4 Rf4+ 36. Kc3 Rxg4 37. Nf7 Rg3+ 38. Kb4 Rhxh3 39. Rb1 Rb3+ 40. Ka5 Rb5+ 41. Ka6 Rxc5 42. a4 Rb3 43. Nd8 Rb6# 0-1

[Event "Late-Titled-Tuesday-Blitz-April-30-2024"]
[Site "Chess.com"]
[Date "2024.04.30"]
[Round "4"]
[White "HandKnit"]
[Black "Nechitaylo_Nikita"]
[Result "1-0"]
[WhiteElo "2514"]
[BlackElo "2352"]
[TimeControl "180+1"]
[EndTime "14:40:39 PDT"]
[Termination "HandKnit won by checkmate"]

1. e4 c5 2. Nf3 d6 3. d4 cxd4 4. Nxd4 Nf6 5. Nc3 Nc6 6. Be2 g6 7. Be3 Bg7 8. O-O O-O 9. Nb3 Be6 10.
Bf3 Ne5 11. Re1 Rc8 12. Nd4 Nxf3+ 13. Qxf3 Bg4 14. Qg3 h5 15. f3 Bd7 16. Qf2 a6 17. Rad1 b5 18. a3 Qc7 19. Bg5 Rfe8 20. h3 Nh7 21. Be3 e5 22. Nb3 Be6 23. Rd2 Red8 24.
Red1 Bf6 25. Bb6 Qb7 26. Bxd8 Rxd8 27. Nd5 Bxd5 28. Rxd5 Be7 29. Qe2 Nf6 30. R5d2 Qb6+ 31. Kh1 Qc7 32. Rc1 h4 33. c4 Nh5 34. Qe3 Ng3+ 35.
Kh2 Rc8 36. Rdc2 bxc4 37. Nd2 Qb7 38. Nxc4 Rb8 39. Na5 Qd7 40. Nc6 Rc8 41. Nxe7+ Qxe7 42. Rxc8+ Kg7 43. Kg1 Qb7 44. b4 Qb5 45. Rh8 Kxh8 46. Qh6+ Kg8 47. Rc8+ Qe8 48. Rxe8# 1-0

[Event "Late-Titled-Tuesday-Blitz-April-30-2024"]
[Site "Chess.com"]
[Date "2024.04.30"]
[Round "4"]
[White "chessisveryfun1264"]
[Black "emeli_chess"]
[Result "1-0"]
[WhiteElo "2623"]
[BlackElo "2471"]
[TimeControl "180+1"]
[EndTime "14:40:41 PDT"]
[Termination "chessisveryfun1264 won on time"]

1. c4 e6 2. g3 d5 3. Bg2 d4 4. e3 c5 5. exd4 cxd4 6. d3 Nc6 7. Nf3 Nf6 8. O-O Bd6 9. Bg5 h6 10. Bxf6 Qxf6 11. Nbd2 O-O 12. Ne4 Qe7 13. Nxd6 Qxd6 14. Re1 e5 15. b4 Nxb4 16. Rxe5 Bg4 17. Re4 Bxf3 18. Qxf3 Rae8 19. Rae1 Rxe4 20. Rxe4 b6 21. Qg4 Rd8 22. Bf1 Nxa2 23. Qf5 Nc3 24. Rg4 Na4 25. Bg2 Nc5 26. Bd5 Qd7 27. Qf6 Qxg4 28.
Qxd8+ Kh7 29. Bxf7 h5 30. Qg8+ Kh6 31. h4 Qf5 32.
Bd5 Qh7 33. Qb8 Qxd3 34. Qxa7 Kh7 35. Qxb6 Qd1+ 36. Kg2 Nd3 37. Be4+ 1-0

[Event "Late-Titled-Tuesday-Blitz-April-30-2024"]
[Site "Chess.com"]
[Date "2024.04.30"]
[Round "4"]
[White "Blampman"]
[Black "grandmastergauri"]
[Result "0-1"]
[WhiteElo "2426"]
[BlackElo "2726"]
[TimeControl "180+1"]
[EndTime "14:40:42 PDT"]
[Termination "grandmastergauri won by resignation"]

1. d4 Nf6 2. c4 g6 3. Nc3 Bg7 4. e4 O-O 5. Nf3 d6 6. Be2 e5 7. O-O Bg4 8. Be3 Bxf3 9. Bxf3 exd4 10. Bxd4 Nc6 11. Be3 Re8 12. Qc2 Nd7 13. Be2 Nc5 14. Rad1 Bxc3 15. Bxc5 Bg7 16. Be3 Qh4 17. f3 a5 18. c5 dxc5 19. Qxc5 Rad8 20. Bg5 Qh5 21. g4 Rxd1 22. Rxd1 Qh3 23. Qf2 Ne5 24. Rd5 c6 25.
Rxa5 h6 26. Rxe5 Bxe5 27. Bf1 Qxh2+ 28. Qxh2 Bxh2+ 29. Kxh2 hxg5 30. a4 c5 31. Bc4 b6 32.
Kg2 Kg7 33. Kf2 Kf6 34. Ke3 Rh8 35. b3 Rh2 36. Bd5 Ke7 37. e5 Rh1 38. f4 Re1+ 39.
Kf3 Rf1+ 40. Ke3 gxf4+ 41. Ke2 Rg1 42. Kf3 g5 43. Be4 Ra1 44. Bd5 Rc1 45. Bc4 Re1 46. Bd5 Rxe5 47. Bc4 Re3+ 48. Kf2 f6 0-1

[Event "Late-Titled-Tuesday-Blitz-April-30-2024"]
[Site "Chess.com"]
[Date "2024.04.30"]
[Round "4"]
[White "Hrant_ChessMood"]
[Black "Firouzja2003"]
[Result "0-1"]
[WhiteElo "2940"]
[BlackElo "3153"]
[TimeControl "180+1"]
[EndTime "14:40:43 PDT"]
[Termination "Firouzja2003 won on time"]

1. d4 Nf6 2. c4 g6 3. Nf3 Bg7 4. g3 O-O 5. Bg2 d6 6. O-O Ne4 7. Qc2 f5 8. Nc3 Nxc3 9. bxc3 Nc6 10. e4 e5 11. Bg5 Qe8 12. d5 Na5 13. exf5 Bxf5 14.
Qe2 h6 15. Be3 g5 16. Nd2 Qg6 17. Rfe1 b6 18. Bf1 Rf7 19. Nb3 Nb7 20. Qd2 Raf8 21.
Rad1 Be4 22. Bd3 Bxd3 23. Qxd3 e4 24. Qc2 Nc5 25. Nxc5 bxc5 26. Rb1 h5 27. Rb7 h4 28. Reb1 Qf5 29. Rb8 hxg3 30. hxg3 Be5 31. Qe2 Rh7 32. Rxf8+ Kxf8 33. Qf1 Bxc3 34. Qg2 Bd4 35. Re1 Rf7 36.
Bxd4 cxd4 37. Rxe4 d3 38. Rd4 Re7 39. g4 Re1+ 40.
Kh2 Qe5+ 0-1

[Event "Late-Titled-Tuesday-Blitz-April-30-2024"]
[Site "Chess.com"]
[Date "2024.04.30"]
[Round "4"]
[White "Sinquefield"]
[Black "ganzy"]
[Result "1-0"]
[WhiteElo "2500"]
[BlackElo "2289"]
[TimeControl "180+1"]
[EndTime "14:40:44 PDT"]
[Termination "Sinquefield won by resignation"]

1. e4 c5 2. Nf3 d6 3. d4 cxd4 4. Nxd4 Nf6 5. Nc3 a6 6. Bc4 b5 7. Bb3 Bb7 8. f3 Nbd7 9. O-O h5 10. Re1 e6 11. Bg5 Be7 12. Bxe6 fxe6 13. Nxe6 Qb6+ 14.
Be3 Qc6 15. Nxg7+ Kf7 16. Nf5 Ne5 17. Bg5 Qb6+ 18. Kh1 Rae8 19. h3 Nfg4 20. fxg4 Nxg4 21.
Qf3 Nf2+ 22. Kh2 Ng4+ 23. Kg3 Bxg5 24. Nxd6+ Ke6 25. Qf7+ Kxd6 26. Rad1+ Kc5 27. Rd5+ Kc4 28. Rd6+ Kc5 29. Rd5+ Kc4 30. Rd6+ Kc5 31. Rxb6 Kxb6 32. hxg4 Bd8 33. e5 hxg4 34. Qg6+ Ka7 35. Ne4 Bh4+ 36. Kf4 Bxe1 37. Nd6 Rhf8+ 38. Ke3 Rxe5+ 39. Kd4 Rd5+ 40. Ke3 Bc6 41. Qg7+ Kb6 42. Qxf8 Re5+ 43. Kf4 Bd2+ 44.
Kxe5 1-0

[Event "Late-Titled-Tuesday-Blitz-April-30-2024"]
[Site "Chess.com"]
[Date "2024.04.30"]
[Round "4"]
[White "Durarbayli"]
[Black "RuperezA"]
[Result "1-0"]
[WhiteElo "2924"]
[BlackElo "2615"]
[TimeControl "180+1"]
[EndTime "14:40:45 PDT"]
[Termination "Durarbayli won by resignation"]

1. e4 e6 2. d4 d5 3. e5 c5 4. c3 Qb6 5. Nf3 Nc6 6. Be2 cxd4 7.
cxd4 Nge7 8. Na3 Nf5 9. Nc2 Bd7 10. O-O Be7 11. Bd3 a5 12. Bxf5 exf5 13. Bg5 Bxg5 14. Nxg5 h6 15. Nf3 O-O 16. Qd2 a4 17. Rfc1 Rfc8 18.
Ne3 Be6 19. Rc5 f4 20. Nxd5 Bxd5 21. Rxd5 Rd8 22. Rxd8+ Rxd8 23. d5 Qc5 24. Rd1 g5 25. h3 Nb4 26. d6 Nxa2 27. e6 fxe6 28. Qd3 Kg7 29. d7 Nb4 30. Qe4 Nc6 31. Qxe6 Qe7 32. Qf5 Qf6 33. Qb5 b6 34. Qxb6 Ne5 35. Qb5 Nxf3+ 36. gxf3 Qe6 37. Kg2 Qb3 38. Qe5+ Kf7 39. Re1 Qb8 40. Qe7+ Kg8 41. Re6 1-0

[Event "Late-Titled-Tuesday-Blitz-April-30-2024"]
[Site "Chess.com"]
[Date "2024.04.30"]
[Round "4"]
[White "NikitaShnadrygin"]
[Black "tgpgoat"]
[Result "0-1"]
[WhiteElo "2662"]
[BlackElo "2463"]
[TimeControl "180+1"]
[EndTime "14:40:45 PDT"]
[Termination "tgpgoat won by resignation"]

1. e4 c5 2. Nf3 e6 3. d4 cxd4 4. Nxd4 Nc6 5. Nc3 Qc7 6. Be3 a6 7. Be2 Nf6 8. O-O Bb4 9. Nxc6 bxc6 10. f4 Bxc3 11. bxc3 Nxe4 12. Bd4 O-O 13. Bd3 d5 14. c4 Bb7 15. c5 f5 16. Rb1 a5 17. Rb6 Qe7 18. Bxe4 fxe4 19. Qe2 Rf7 20. g3 Qd7 21. Rfb1 Qc8 22. Qd2 Ba6 23. Be5 Rb7 24. Qxa5 Bb5 25. R1xb5 cxb5 26. Qxb5 Rxb6 27. cxb6 Qxc2 28. b7 Qc1+ 29.
Qf1 Qc5+ 30. Kh1 Re8 31. b8=Q Rxb8 32. Bxb8 d4 33. Qa6 Qd5 34. Qc8+ Kf7 35. Qc7+ Kf8 36. Qd6+ Ke8 37. Qxd5 exd5 38. Be5 d3 39. Bc3 d4 40. Bb4 e3 41. Kg2 d2 0-1

[Event "Late-Titled-Tuesday-Blitz-April-30-2024"]
[Site "Chess.com"]
[Date "2024.04.30"]
[Round "4"]
[White "Sjakkerntobi"]
[Black "cristiano78"]
[Result "1-0"]
[WhiteElo "2500"]
[BlackElo "2288"]
[TimeControl "180+1"]
[EndTime "14:40:45 PDT"]
[Termination "Sjakkerntobi won by resignation"]

1. e4 c5 2. Nf3 d6 3. Bb5+ Bd7 4. Bxd7+ Qxd7 5. O-O Nc6 6. c3 e5 7. d4 cxd4 8. cxd4 Nf6 9. Nc3 Be7 10. dxe5 dxe5 11.
Qb3 Nd4 12. Nxd4 exd4 13. Nd5 Nxd5 14. exd5 Rd8 15. Re1 O-O 16. Bf4 Bc5 17. Bg5 f6 18. d6+ Kh8 19. Bf4 Bxd6 20. Bxd6 Qxd6 21. Qxb7 Rb8 22.
Qxa7 Rxb2 23. Rad1 d3 24. Qe7 Qxe7 25. Rxe7 Rxa2 26.
g3 Rd8 27. Rxd3 Rg8 28. Rdd7 h6 29. Kg2 Kh7 30. g4 Kg6 31. Kg3 Ra3+ 32. f3 Ra5 33. f4 f5 34. Rd6+ Kh7 35. g5 hxg5 36. fxg5 Ra4 37.
h4 Rg4+ 38. Kh3 Rg1 39. Rf7 Rh1+ 40. Kg3 Rg1+ 41. Kh2 Rxg5 42. hxg5 Rc8 43. Rxf5 Rc2+ 44. Kg3 Rc3+ 45. Rf3 Rc5 46. Kg4 Rc4+ 47. Rf4 Rc6 48. Rxc6 1-0

[Event "Late-Titled-Tuesday-Blitz-April-30-2024"]
[Site "Chess.com"]
[Date "2024.04.30"]
[Round "4"]
[White "Mugiwara2b"]
[Black "Supelyel"]
[Result "1-0"]
[WhiteElo "2609"]
[BlackElo "2388"]
[TimeControl "180+1"]
[EndTime "14:40:46 PDT"]
[Termination "Mugiwara2b won by checkmate"]

1. d4 d6 2. Nf3 Nf6 3. Bg5 Nbd7 4. Nbd2 e5 5. dxe5 dxe5 6. e4 Be7 7. Bc4 O-O 8. O-O c6 9. c3 Qc7 10. Qe2 b5 11. Bb3 Nc5 12. Bc2 Bg4 13. h3 Bh5 14.
Nb3 Ne6 15. Bxf6 Bxf6 16. Qe3 Be7 17. g3 Rae8 18. Rfe1 h6 19. Bd3 Bd6 20. Bf1 Qe7 21.
Bg2 Kh8 22. a4 a6 23. axb5 axb5 24. Ra7 Qf6 25. Nh4 Rc8 26. Nf5 Bb8 27. Raa1 Bg6 28. Nh4 Bh7 29. Nc5 Nxc5 30. Qxc5 Bd6 31. Qb6 Rc7 32.
Red1 Qe7 33. Nf5 Bxf5 34. exf5 Bc5 35. Qa6 e4 36. Qa2 e3 37. fxe3 Qxe3+ 38. Kh2 Qe5 39.
Rf1 Bd6 40. Rf3 Re7 41. Qb1 Bc7 42. Qc1 Qf6 43. Qc2 Rfe8 44. Rd1 h5 45. Kh1 Qg5 46. Rdf1 Bxg3 47. f6 Re1 48. fxg7+ Kxg7 49. Rxf7+ Kg8 50.
Qh7# 1-0

[Event "Late-Titled-Tuesday-Blitz-April-30-2024"]
[Site "Chess.com"]
[Date "2024.04.30"]
[Round "4"]
[White "JiangoFett"]
[Black "MiguelBestard1981"]
[Result "1-0"]
[WhiteElo "2458"]
[BlackElo "2141"]
[TimeControl "180+1"]
[EndTime "14:40:46 PDT"]
[Termination "JiangoFett won by checkmate"]

1. c4 c6 2. Nf3 d5 3. e3 Nf6 4.
b3 Bf5 5. Bb2 h6 6. Nc3 e6 7. d4 Nbd7 8. Be2 Bd6 9. O-O Ne4 10.
Bd3 Qf6 11. Ne2 h5 12. Ne1 Rh6 13. f3 Qh4 14. Nf4 g5 15. g3 Nxg3 16. Neg2 Nxf1 17. Nxh4 Nxe3 18. Qe2 gxf4 19. Bxf5 exf5 20. Nxf5 Rg6+ 21. Kh1 O-O-O 22. Nxe3 fxe3 23. cxd5 cxd5 24. Rg1 Rxg1+ 25. Kxg1 Re8 26. Qc2+ Kb8 27. Bc3 h4 28. Qf5 Kc7 29. Qxf7 Re7 30. Qg7 e2 31. Qg5 e1=Q+ 32. Bxe1 Rxe1+ 33. Kf2 Rh1 34. Qxd5 Rxh2+ 35. Ke3 h3 36. Qc4+ Kb8 37.
Qg8+ Kc7 38. Qc4+ Kd8 39. Qg8+ Nf8 40. Qg5+ Ke8 41. Qd5 Kd7 42. Qxb7+ Ke6 43. d5+ Ke5 44. f4+ Kf5 45. Qf7+ Kg4 46. Qg8+ Kh5 47. Qg5# 1-0

[Event "Late-Titled-Tuesday-Blitz-April-30-2024"]
[Site "Chess.com"]
[Date "2024.04.30"]
[Round "4"]
[White "Aalessia"]
[Black "JonasEilenberg"]
[Result "0-1"]
[WhiteElo "2377"]
[BlackElo "2560"]
[TimeControl "180+1"]
[EndTime "14:40:47 PDT"]
[Termination "JonasEilenberg won by resignation"]

1. Nf3 d5 2. e3 e6 3. c4 c5 4. cxd5 exd5 5. Bb5+ Bd7 6. Be2 Nf6 7. Nc3 Nc6 8. d4 Be6 9. O-O c4 10. b3 Bb4 11.
Bb2 Bxc3 12. Bxc3 b5 13. bxc4 bxc4 14. Qa4 Qd7 15. Rab1 O-O 16. Rb2 Ne4 17. Bb4 Rfb8 18. Rfb1 Nxd4 19. Qxd7 Nxe2+ 20. Rxe2 Bxd7 21. Reb2 f6 22. Nd4 a5 23. Be1 Rxb2 24. Rxb2 Rc8 25. Bxa5 c3 26. Rc2 Ba4 27. Nb3 Bxb3 28. axb3 Ra8 29.
f3 Nc5 30. Rxc3 Rxa5 31. b4 Ra1+ 32. Kf2 Ne6 33. Rb3 Ra2+ 34. Kg3 Ra6 35. Rd3 Rb6 36.
Rxd5 Rxb4 37. h4 Rb7 38. Rd6 Kf7 39. Kh3 Ke7 40. Rd3 Rd7 41. Rb3 Kf7 42. Rb6 g6 43.
Kg3 f5 44. Rb3 Kf6 45. Kh3 Rd1 46. Kg3 Rh1 47. Rb4 Ng7 48. Rb6+ Ne6 49. Rb4 Rc1 50. Kf2 Rc2+ 51. Kg3 Re2 52. Rb3 Rxe3 53. Rxe3 f4+ 0-1

[Event "Late-Titled-Tuesday-Blitz-April-30-2024"]
[Site "Chess.com"]
[Date "2024.04.30"]
[Round "4"]
[White "cthake"]
[Black "FMOlexandrProhorov"]
[Result "0-1"]
[WhiteElo "1860"]
[BlackElo "2246"]
[TimeControl "180+1"]
[EndTime "14:40:47 PDT"]
[Termination "FMOlexandrProhorov won by checkmate"]

1. e4 d5 2. exd5 Nf6 3. d4 Nxd5 4. Nf3 g6 5. Bd3 Bg7 6. O-O O-O 7. c3 c5 8. dxc5 Qc7 9. Be4 Nf6 10. Bd3 Qxc5 11. Be3 Qh5 12. Be2 Nc6 13. Nd4 Qe5 14. Nxc6 bxc6 15.
Qd4 Qxd4 16. Bxd4 Nd5 17. Bxg7 Kxg7 18. Bf3 e5 19. Na3 Be6 20. Nc4 f6 21. Ne3 Rfd8 22.
Nxd5 cxd5 23. c4 e4 24. cxd5 Bxd5 25. Be2 f5 26. Rfd1 Rab8 27. b3 Kf6 28. Rac1 Be6 29. g3 Rbc8 30. Kg2 g5 31. h3 f4 32. gxf4 gxf4 33.
Bg4 Rxc1 34. Rxc1 Bf7 35. Rc6+ Ke5 36. Rc7 Bg6 37. Rxa7 Rd2 38. Ra5+ Kd4 39. Be6 Kc3 40. Rc5+ Kb2 41. b4 e3 42. b5 Rxf2+ 43. Kg1 Be4 44. b6 Rg2+ 45. Kf1 e2+ 46. Ke1 f3 47. Rb5+ Kc3 48.
b7 Rg1+ 49. Kf2 e1=Q# 0-1